Map: Neon Violet Square LE

Players

HiGus

  • Race: Protoss Protoss
  • Spawn Location: 11:00

CinDra - Winner!

  • Race: Zerg Zerg
  • League: Gold
  • Spawn Location: 5:00

VOD

Have the link to the VOD?

Description

Time

  • Played on: Feb. 28, 2018, 10:09 p.m.
  • Length: 16:10
Show
View Real Time Build Order
Export as new Build Order

HiGus Protoss 

Build Orders: Phoenix Opening 

Get SALT Encoding   

  12  0:01  Probe  
  13  0:16  Pylon  
  13  0:19  Probe  
  14  0:31  Probe  
  15  0:40  Gateway  
  15  0:43  Probe  
  16  0:51  Pylon  
  16  0:56  Probe  
  17  1:01  Assimilator  
  17  1:07  Assimilator  
  17  1:19  Pylon  
  17  1:26  Probe  
  18  1:36  Cybernetics Core  
  18  1:38  Probe  
  19  1:42  Assimilator  
  19  1:47  Assimilator  
  19  1:50  Probe  
  20  2:02  Probe  
  21  2:12  Adept (Chrono Boost)  
  21  2:14  Probe  
  24  2:30  Nexus  
  24  2:44  Pylon  
  24  3:02  Adept  
  26  3:06  Stargate  
  26  3:08  Probe  
  27  3:38  Gateway  
  27  3:41  Stalker  
  27  3:43  Probe x2  
  29  3:49  Phoenix  
  32  3:55  Probe  
  32  4:07  Probe  
  33  4:11  Stalker  
  33  4:14  Probe  
  36  4:19  Probe  
  37  4:30  Probe  
  36  4:32  Probe  
  36  4:37  Stalker  
  39  4:41  Stalker  
  39  4:42  Probe  
  39  4:44  Probe  
  43  4:54  Probe, Assimilator  
  43  4:56  Probe  
  43  4:57  Warp Gate (Chrono Boost)  
  43  4:58  Assimilator  
  45  5:02  Pylon  
  45  5:06  Probe  
  46  5:14  Pylon  
  46  5:19  Pylon  
  46  5:20  Probe x2, Phoenix  
  50  5:22  Stalker  
  50  5:23  Stalker, Pylon  
  54  5:32  Probe  
  55  5:40  Probe  
  56  5:44  Probe  
  57  5:50  Shield Battery  
  57  5:52  Stalker  
  57  5:53  Stalker, Shield Battery  
  61  6:04  Oracle  
  64  6:17  Nexus  
  64  6:31  Stalker x2  
  68  6:41  Oracle  
  71  6:53  Probe x2  
  73  7:18  Phoenix  
  75  7:24  Twilight Council  
  75  7:26  Robotics Facility  
  75  7:29  Stargate  
  75  7:31  Probe x3, Robotics Facility  
  75  7:33  Forge  
  75  7:35  Forge  
  78  7:42  Stalker x2  
  82  7:54  Probe x2  
  84  8:14  Phoenix x2  
  84  8:17  Observer  
  90  8:20  Observer  
  90  8:27  Assimilator  
  90  8:30  Assimilator  
  90  8:32  Pylon  
  90  8:38  Observer  
  91  8:58  Protoss Shields Level 1 (Chrono Boost)  
  91  8:59  Protoss Ground Armor Level 1 (Chrono Boost)  
  91  9:04  Immortal x2  
  99  9:20  Pylon  
  99  9:23  Pylon  
  94  9:41  Phoenix  
  90  9:47  Probe x2  
  90  9:48  Probe  
  91  10:11  Phoenix x2  
  95  10:15  Immortal x2  
  103  10:36  Blink, Phoenix x2  
  107  11:01  Phoenix  
  109  11:29  Protoss Shields Level 2 (Chrono Boost), Protoss Ground Armor Level 2 (Chrono Boost)  
  109  11:49  Pylon  
  109  11:53  Pylon  
  109  12:06  Pylon  
  109  12:07  Immortal, Probe x2, Phoenix, Pylon  
  117  12:11  Immortal  
  121  12:29  Gateway x2  
  121  12:32  Gateway x2  
  121  12:33  Gateway  
  121  12:36  Gateway  
  121  12:37  Charge  
  121  12:40  Gateway  
  121  12:41  Gateway  
  121  12:44  Gateway  
  121  12:48  Gateway  
  121  12:57  Stalker  
  121  12:58  Stalker  
  81  13:25  Immortal x2  
  87  13:27  Stalker  
  89  13:38  Protoss Ground Weapons Level 1  
  89  13:42  Nexus  
  89  13:45  Pylon  
  89  13:48  Pylon  
  89  13:50  Assimilator  
  89  13:54  Assimilator  
  89  13:57  Pylon  
  89  14:00  Pylon  
  89  14:07  Photon Cannon  
  89  14:09  Photon Cannon  
  89  14:12  Photon Cannon  
  89  14:19  Photon Cannon  
  89  14:53  Probe x3  
  92  15:13  Stalker x2  
  87  15:35  Stalker  
  87  15:36  Stalker x3  
  87  15:37  Stalker x2  
  87  15:38  Stalker x3  
  87  15:39  Stalker x3  
Show
View Real Time Build Order
Export as new Build Order

CinDra Zerg - Winner!

Build Orders: Pool First 

Get SALT Encoding   

  12  0:02  Drone  
  13  0:13  Overlord  
  13  0:18  Drone  
  14  0:32  Drone x2  
  16  0:37  Drone  
  17  1:13  Drone x3  
  20  1:27  Overlord  
  20  1:29  Spawning Pool  
  19  1:36  Drone  
  20  1:48  Drone  
  21  1:58  Drone  
  21  1:59  Hatchery  
  21  2:06  Overlord  
  21  2:15  Queen  
  21  2:18  Zergling x2  
  24  2:29  Zergling x2  
  25  2:44  Drone  
  26  3:03  Zergling x4  
  28  3:10  Queen  
  28  3:11  Queen  
  32  3:13  Drone x2  
  34  3:31  Extractor  
  32  3:36  Zergling x2  
  32  3:37  Zergling x10  
  38  3:45  Drone x2  
  38  3:47  Extractor  
  39  3:52  Queen x2  
  43  4:25  Hatchery  
  42  4:38  Zergling x2  
  42  4:39  Overlord  
  42  4:40  Overlord x5  
  42  4:41  Overlord x4  
  43  5:08  Drone x5  
  48  5:14  Drone  
  49  5:26  Drone  
  49  5:27  Drone  
  49  5:28  Metabolic Boost  
  51  5:36  Drone x2  
  50  5:57  Roach Warren  
  49  6:14  Zergling x16  
  49  6:15  Zergling x12  
  64  6:18  Drone  
  64  6:28  Drone x2  
  64  6:31  Drone, Evolution Chamber  
  66  6:33  Evolution Chamber  
  66  6:35  Drone  
  66  6:36  Drone x2  
  66  6:38  Roach x6  
  80  7:01  Zerg Ground Armor Level 1, Zerg Missile Weapons Level 1  
  80  7:05  Spore Crawler  
  80  7:08  Spore Crawler  
  78  7:10  Drone, Spore Crawler  
  78  7:11  Drone x10  
  88  7:24  Pneumatized Carapace  
  87  7:52  Roach  
  87  7:53  Roach x7  
  87  7:54  Drone x2  
  105  8:09  Extractor  
  104  8:22  Lair  
  104  8:27  Drone  
  104  8:28  Drone x3  
  104  8:29  Drone x4  
  104  8:30  Drone  
  113  9:01  Extractor  
  112  9:08  Roach  
  112  9:09  Roach x7  
  118  9:41  Hydralisk Den  
  111  9:56  Zerg Missile Weapons Level 2, Zerg Ground Armor Level 2, Extractor x2  
  111  9:57  Hatchery  
  108  10:49  Overlord x4  
  108  10:50  Overlord x21  
  107  11:11  Hydralisk x7  
  107  11:12  Hydralisk x6  
  107  11:15  Glial Reconstitution, Muscular Augments  
  133  11:31  Queen  
  135  11:33  Drone  
  135  11:34  Drone x7  
  143  12:02  Drone x3  
  143  12:03  Drone x6  
  152  12:14  Hydralisk  
  152  12:15  Hydralisk x5  
  164  12:35  Infestation Pit  
  151  13:04  Hydralisk x6  
  151  13:05  Hydralisk x18  
  153  13:06  Hydralisk x3  
  157  13:22  Hydralisk  
  157  13:23  Hydralisk x4  
  153  13:32  Overseer  
  153  13:33  Overseer x3  
  153  13:37  Hydralisk  
  153  13:38  Hydralisk x5  
  165  13:45  Hive  
  165  14:12  Hydralisk x4  
  165  14:13  Hydralisk x6  
  178  14:50  Hydralisk x9  
  178  14:51  Hydralisk x2  
Tags
 
Add a new tag
Caveats
  • Supply blocks, unpowered buildings, or Contaminate may cause inaccurate times.
  • Supply counts are checked every 10 seconds.